 Dungeon Crawl Stone Soup version 0.30.1-4-g462c640d31 (webtiles) character file.

Game seed: 5629037976713279667

2751 dsquid the Skirmisher (level 9, -1/69 HPs)
             Began as a Demonspawn Hunter on Aug 14, 2023.
             Slain by a red ugly thing (2 damage)
             ... on level 8 of the Dungeon.
             The game lasted 01:02:59 (7222 turns).

dsquid the Skirmisher (Demonspawn Hunter)           Turns: 7222, Time: 01:03:00

Health: -1/69      AC: 23    Str: 12    XL:     9   Next: 41%
Magic:  9/9        EV: 12    Int: 10    God:
Gold:   592        SH:  0    Dex: 24    Spells: 8/8 levels left

rFire   + + +        a - +2 shortbow
rCold   + . .        (shield currently unavailable)
rNeg    . . .        t - +7 ring mail "Agugeasiev" {rF+++ rC+ Dex-3}
rPois   .            (helmet unavailable)
rElec   .            p - +0 cloak
rCorr   .            (no gloves)
SInv    .            l - +1 pair of boots
Will    .....        (no amulet)
Stlth   ++           k - +4 ring of protection
HPRegen 0.31/turn    q - +6 ring of dexterity
MPRegen 0.11/turn

%: no passive effects
@: no status effects
A: horns 3, yellow scales 2, demonic magic 2
a: no special abilities


You were on level 8 of the Dungeon.
You visited 2 branches of the dungeon, and saw 9 of its levels.
You also visited: Ossuary.

You collected 592 gold pieces.

Inventory:

Hand Weapons
 a - a +2 shortbow (weapon)
Armour
 l - a +1 pair of boots (worn)
 p - a +0 cloak (worn)
 t - the +7 ring mail "Agugeasiev" (worn) {rF+++ rC+ Dex-3}
   (You found it on level 5 of the Dungeon)

   Dex:       It affects your dexterity (-3).
   rF:        It renders you almost immune to fire.
   rC:        It protects you from cold.
Jewellery
 k - a +4 ring of protection (left hand)
 q - a +6 ring of dexterity (right hand)
 F - a ring of protection from cold
Wands
 c - a wand of flame (5)
 f - a wand of charming (8)
Scrolls
 b - 2 scrolls of immolation
 e - a scroll of torment
 i - a scroll of amnesia
 m - 4 scrolls of blinking
 n - 6 scrolls of teleportation
 o - a scroll of enchant armour
 v - a scroll of magic mapping
 y - a scroll of acquirement {unknown}
 E - a scroll of fear
Potions
 d - 4 potions of might
 g - 3 potions of curing
 h - a potion of magic
 j - 4 potions of lignification
 r - 2 potions of haste {unknown}
 s - 4 potions of heal wounds {unknown}
 u - 2 potions of invisibility {unknown}
 w - 2 potions of berserk rage {unknown}
 x - a potion of brilliance {unknown}
 z - a potion of flight {unknown}
 A - a potion of cancellation
 B - a potion of attraction {unknown}
 C - a potion of resistance {unknown}
 D - a potion of ambrosia {unknown}


   Skills:
 + Level 5.6 Fighting
 + Level 10.4 Ranged Weapons
 + Level 3.5 Armour
 + Level 3.1 Dodging
 + Level 1.4 Stealth


You had 8 spell levels left.
You didn't know any spells.
Your spell library contained the following spells:

 Spells                   Type           Power      Damage    Failure   Level
 Freeze                   Ice            0%         1d3       63%         1
 Ensorcelled Hibernation  Hex/Ice        0%         N/A       77%         2
 Lesser Beckoning         Tloc           0%         N/A       77%         2
 Frozen Ramparts          Ice            0%         1d1       94%         3
 Gell's Gravitas          Tloc           0%         N/A       94%         3
 Hailstorm                Conj/Ice       0%         3d3       94%         3
 Spider Form              Tmut/Pois      0%         N/A       94%         3
 Teleport Other           Tloc           0%         N/A       94%         3
 Vhi's Electric Charge    Tloc/Air       0%         N/A       94%         3
 Anguish                  Hex/Necr       0%         N/A       100%        4
 Arcjolt                  Conj/Air       0%         1d10      100%        5
 Plasma Beam              Fire/Air       0%         2x1d11    100%        6


Dungeon Overview and Level Annotations

Branches:
Dungeon (8/15)             Temple (1/1) D:5         Ossuary (visited)
   Lair: D:8-11

Altars:
Ashenzari
Cheibriados
Dithmenos
Fedhas
Gozag
Hepliaklqana
Kikubaaqudgha
Makhleb
Nemelex Xobeh
Okawaru
Qazlal
Ru
Sif Muna
Uskayaw
Wu Jian
Yredelemnul

Shops:
D:5 *

Annotations:
D:8 1 transporter, monsoonserge's ghost, novice TrFi


Innate Abilities, Weirdness & Mutations

You have a pair of large horns on your head.
You are mostly covered in yellow scales. (AC +3)
Spells you cast may paralyse nearby enemies.


Message History

Monsoonserge's ghost is heavily damaged.
The bullfrog releases a deep croak.
The water moccasin bites you.
Monsoonserge's ghost hits you but does no damage.
The wolf spider hits you.
The wolf spider bites you but does no damage.
The water moccasin barely misses you. Monsoonserge's ghost hits you.
You shoot an arrow. The arrow hits monsoonserge's ghost.
Monsoonserge's ghost is heavily damaged.
The wolf spider hits you! The wolf spider bites you!
The water moccasin bites you but does no damage.
The red ugly thing pecks you but does no damage.
The wolf spider closely misses you. The wolf spider bites you.
You are lethally poisoned!
The wolf spider poisons you!
The water moccasin bites you but does no damage.
Monsoonserge's ghost hits you!
* * * LOW HITPOINT WARNING * * *
The red ugly thing pecks you.
* * * LOW HITPOINT WARNING * * *
You are engulfed in flames.
You resist.
* * * LOW HITPOINT WARNING * * *
You feel better. The wolf spider hits you!
* * * LOW HITPOINT WARNING * * *
The wolf spider bites you but does no damage.
The water moccasin bites you but does no damage.
Monsoonserge's ghost hits you.
* * * LOW HITPOINT WARNING * * *
The wolf spider completely misses you.
The wolf spider bites you but does no damage.
The red ugly thing closely misses you. The water moccasin closely misses you.
The wolf spider hits you but does no damage.
The wolf spider completely misses you.
Monsoonserge's ghost closely misses you.
The water moccasin closely misses you.
The red ugly thing pecks you but does no damage.
The red ugly thing attacks as you move away!
The red ugly thing pecks you.
You die...

_...).)...................
.........#.............#.#
....).#.........©........#
8.._..#.....#########....#
......#....##8.....8##...#
......#....#........©#...# ##
.....#.....#.##KSF##.#.... ...
...#.#.)...#.##sWu##.#..## ..
#..#...)...#....@S...#.... ..
#..###.....#.##...##.#..## #.
.....###...#.##...##.#..# #.
...#.###...#.......Su#..# ##
...........##8.?...8##..#
#.##.###....#########...#########
#.##.# #........©................
#.##.# .#.............##########
#.##.# #.#####.#######


You could see a red ugly thing, a wolf spider, 2 water moccasins, a kobold
brigand, a bullfrog and monsoonserge's ghost.

Vanquished Creatures
  Menkaure (D:5)
  2 steam dragons
  A water moccasin (D:5)
  2 black bears
  An orc warrior (D:7)
  2 ogres
  A centaur (D:5)
  2 bullfrogs
  2 scorpions
  A wyvern zombie (D:6)
  3 water moccasin zombies (D:6)
  2 wyvern skeletons (D:6)
  4 bullfrog zombies (D:6)
  A centaur zombie (D:6)
  4 jellies
  2 orc priests (D:5)
  2 bullfrog skeletons (D:6)
  Crazy Yiuf (D:7)
  4 hounds
  A sleepcap (D:6)
  A human skeleton (D:5)
  2 iguanas
  6 orc wizards
  2 killer bee zombies (D:6)
  8 mummies (Ossuary)
  2 howler monkey zombies (D:6)
  8 adders
  4 shadow imps (D:5)
  An ufetubus (D:5)
  A worm (D:2)
  2 dart slugs
  29 orcs
  4 bats
  4 endoplasms
  2 giant cockroaches
  9 goblins
  9 hobgoblins
  A jackal (D:4)
  6 quokkas
  4 ball pythons
  3 frilled lizards (D:1)
  A gnoll zombie (Ossuary)
  A goblin zombie (D:7)
  2 hobgoblin zombies (Ossuary)
  8 kobolds
  3 kobold zombies (Ossuary)
  2 orc zombies (Ossuary)
  6 rats
170 creatures vanquished.

Notes
Turn   | Place    | Note
-------+----------+-------------------------------------------
     0 | D:1      | dsquid the Demonspawn Hunter began the quest for the Orb.
     0 | D:1      | Reached XP level 1. HP: 16/16 MP: 1/1
   145 | D:1      | Reached skill level 4 in Ranged Weapons
   145 | D:1      | Gained mutation: You are partially covered in yellow
                  | scales. (AC +2) [demonic ancestry]
   145 | D:1      | Reached XP level 2. HP: 22/22 MP: 2/2
   691 | D:1      | Gained mutation: Spells you cast may paralyse adjacent
                  | enemies. [demonic ancestry]
   691 | D:1      | Reached XP level 3. HP: 27/27 MP: 3/3
  1353 | D:2      | You fall into a shaft and drop 1 floor!
  2129 | D:3      | Gained mutation: You have a pair of small horns on your
                  | head. [demonic ancestry]
  2129 | D:3      | Reached XP level 4. HP: 33/33 MP: 4/4
  2675 | D:4      | Reached skill level 5 in Ranged Weapons
  2675 | D:4      | Reached skill level 1 in Armour
  2735 | D:4      | Noticed a scorpion
  2750 | D:4      | Killed a scorpion
  2751 | D:4      | Reached skill level 1 in Stealth
  2751 | D:4      | Gained mutation: Spells you cast may paralyse nearby
                  | enemies. [demonic ancestry]
  2751 | D:4      | Reached XP level 5. HP: 34/39 MP: 5/5
  2913 | D:4      | Found an ancient bone altar of Kikubaaqudgha.
  2995 | D:4      | Noticed an ogre
  3003 | D:4      | Killed an ogre
  3004 | D:4      | Gained mutation: You have a pair of horns on your head.
                  | [demonic ancestry]
  3004 | D:4      | Reached XP level 6. HP: 38/46 MP: 6/6
  3070 | D:4      | Reached skill level 6 in Ranged Weapons
  3587 | D:5      | Entered Level 5 of the Dungeon
  3587 | D:5      | Noticed Menkaure
  3700 | D:5      | Killed Menkaure
  3714 | D:5      | Reached XP level 7. HP: 45/52 MP: 7/7
  3752 | D:5      | Found a transporter.
  3775 | D:5      | Found a transporter.
  3795 | D:5      | Identified the +7 ring mail "Agugeasiev" {rF+++ rC+ Dex-3}
  3943 | D:5      | Reached skill level 7 in Ranged Weapons
  3949 | D:5      | Found a runed translucent door.
  3949 | D:5      | Noticed a human
  3952 | D:5      | Found a basalt altar of Yredelemnul.
  4135 | D:5      | Found Mlytih's Merry Market.
  4445 | D:5      | Reached skill level 8 in Ranged Weapons
  4445 | D:5      | Gained mutation: You have a pair of large horns on your
                  | head. [demonic ancestry]
  4445 | D:5      | Reached XP level 8. HP: 57/60 MP: 8/8
  4684 | D:5      | Found a staircase to the Ecumenical Temple.
  4713 | Temple   | Entered the Ecumenical Temple
  5254 | D:6      | Reached skill level 9 in Ranged Weapons
  5344 | D:6      | Reached skill level 5 in Fighting
  5537 | D:6      | Gained mutation: You are mostly covered in yellow scales.
                  | (AC +3) [demonic ancestry]
  5537 | D:6      | Reached XP level 9. HP: 66/68 MP: 9/9
  6124 | D:7      | Found a sand-covered staircase.
  6151 | Ossuary  | Entered an ossuary
  6184 | Ossuary  | Reached skill level 10 in Ranged Weapons
  6487 | D:7      | Found a runed translucent door.
  6488 | D:7      | Noticed Crazy Yiuf
  6493 | D:7      | Killed Crazy Yiuf
  6742 | D:8      | Found an iron altar of Okawaru.
  6926 | D:8      | Found a shadowy altar of Dithmenos.
  6929 | D:8      | Found a broken altar of Ashenzari.
  6970 | D:8      | Noticed a wolf spider
  6976 | D:8      | Noticed monsoonserge's ghost (novice TrFi)
  6977 | D:8      | Noticed a red ugly thing
  7160 | D:8      | Found a burning altar of Makhleb.
  7160 | D:8      | Found a hide-covered altar of Uskayaw.
  7160 | D:8      | Found an ornate altar of the Wu Jian Council.
  7200 | D:8      | Found a transporter.
  7205 | D:8      | Found a transporter.
  7220 | D:8      | HP: 3/69 [wolf spider (15)]
  7220 | D:8      | HP: 1/69 [monsoonserge's ghost (2)]
  7222 | D:8      | Slain by a red ugly thing

Illustrated notes

Levels and vault maps discovered:
D:1:      dpeg_arrival_subterranean_lakeside_camping, layout_loops_ring
D:2:      layout_basic
D:3:      layout_basic
D:4:      kennysheep_big_flooded_room, layout_basic,
          mainiacjoe_overflow_alcove_4, minmay_three_crescents
D:5:      gammafunk_wand_slinger, layout_basic, dk_yredelemnul_ordeal,
          minmay_temple_entry_statues_fountains, nicolae_alphabet_shops,
          uniq_menkaure
D:6:      layout_loops_cross, serial_undead, serial_undead_d, serial_undead_e,
          serial_undead_a, serial_undead_b, serial_undead_c, serial_undead_b,
          serial_undead_f
D:7:      black_bear_nest_2, layout_gridville, enter_ossuary_3,
          uniq_crazy_yiuf_cottage
D:8:      layout_basic, mainiacjoe_overflow_cross_hatched,
          chequers_temple_overflow_statue_of_worship, fiery_altar_vehumet,
          grunt_temple_overflow_open, gammafunk_ghost_arena
Temple:   nicolae_temple_ecumenical_triangle

Skill      XL: |  1  2  3  4  5  6  7  8  9 |
---------------+----------------------------+-----
Ranged Weapons | 4 5 6 8 9 10 | 10.4
Dodging        | 2 3 |  3.1
Armour         | 1 2 3 |  3.5
Stealth        | 1 |  1.4
Fighting       | 3 4 5 |  5.6

Action                     |  1- 3 |  4- 6 |  7- 9 || total
---------------------------+-------+-------+-------++-------
  Melee: Shortbow          |       |       |    10 ||    10
         Headbutt          |       |       |     1 ||     1
   Fire: Shortbow          |   133 |   100 |   422 ||   655
    Use: Scroll            |     8 |     1 |     8 ||    17
         Potion            |     2 |       |     1 ||     3
 Armour: Leather armour    |    32 |    21 |       ||    53
         Ring mail         |       |       |   308 ||   308
  Dodge: Dodged            |    40 |    34 |   236 ||   310
